[Event "Team 45 45 League T49"]
[Site "Internet Chess Club"]
[Date "2011.06.16"]
[Round "6"]
[White "SimplyClaudia"]
[Black "screamingeagle"]
[Result "0-1"]
[WhiteElo "1731"]
[BlackElo "2020"]
[Opening "Dutch"]
[ECO "A80"]
[Time "12:15:09"]
[TimeControl "2700+45"]

1. d4 f5 2. Nf3 Nf6 3. g3 g6 4. Bg2 Bg7 5. O-O d6 6. b3 O-O 7. Bb2 e6 8. c4 Qe7
9. Qc2 Nc6 10. Nbd2 e5 11. dxe5 dxe5 12. e4 a5 13. a3 Rd8 14. Rfe1 f4 15. Qc3
Nh5 16. Rad1 Be6 17. Nf1 g5 18. h3 g4 19. hxg4 Bxg4 20. N1h2 Be6 21. g4 Nf6 22.
Rxd8+ Rxd8 23. Nxe5 Nxe5 24. Qxe5 Ne8 25. Qxf4 Bxb2 26. a4 Rd3 27. g5 Rxb3 28.
Ng4 Bxg4 29. Qxg4 Bd4 30. Rd1 c5 31. g6 Qe5 32. gxh7+ Kxh7 33. Qd7+ Ng7 34. Qg4
Qh5 35. Qxh5+ Nxh5 36. Re1 Nf4 {White resigns} 0-1

[Event "Team 45 45 League T49"]
[Site "Internet Chess Club"]
[Date "2011.06.19"]
[Round "6"]
[White "vnchess"]
[Black "QueensCounselor"]
[Result "0-1"]
[WhiteElo "2128"]
[BlackElo "2160"]
[Opening "Trompowsky attack (Ruth, Opocenský opening)"]
[ECO "A45"]
[Time "12:00:31"]
[TimeControl "2700+45"]

1. d4 Nf6 2. Bg5 c5 3. Bxf6 exf6 4. d5 Qb6 5. Qc1 d6 6. Nd2 Be7 7. e4 O-O 8. Bd3
Nd7 9. f4 Re8 10. Ngf3 f5 11. Nc4 Qc7 12. exf5 Bf6+ 13. Kf1 b5 14. Ncd2 c4 15.
Be2 Nb6 16. g4 Nxd5 17. Nb1 Qe7 18. Bd1 Ne3+ 19. Kf2 Nxg4+ 20. Kg3 Ne3 21. Re1
Nxf5+ 22. Kg2 Qd7 23. Nc3 Bb7 {White resigns} 0-1

[Event "Team 45 45 League T49"]
[Site "Internet Chess Club"]
[Date "2011.06.19"]
[Round "6"]
[White "jonesey"]
[Black "Epcot"]
[Result "0-1"]
[WhiteElo "1972"]
[BlackElo "1867"]
[Opening "Sicilian defense"]
[ECO "B20"]
[Time "04:03:41"]
[TimeControl "2700+45"]

1. e4 c5 2. Bc4 d6 3. Nf3 Nf6 4. Nc3 a6 5. a4 e6 6. d3 Nc6 7. O-O Be7 8. Re1 O-O
9. e5 dxe5 10. Nxe5 Nxe5 11. Rxe5 Qc7 12. Rg5 Bd6 13. Qf3 Qe7 14. Bf4 h6 15.
Bxd6 Qxd6 16. Rg3 Bd7 17. Ne4 Nxe4 18. Qxe4 Bc6 19. Qg4 Qe5 20. c3 b5 21. Bb3
Rfd8 22. a5 Ra7 23. Re3 Qf6 24. Rae1 Bd5 25. Bc2 Rad7 26. Re5 Bb7 27. Rxc5 Rd5
28. Rxd5 Rxd5 29. Qg3 Qd8 30. Re4 h5 31. Re5 h4 32. Qe3 Qxa5 33. h3 Qa1+ 34. Kh2
Qxb2 35. Re4 Qxc2 36. Qa7 Qxd3 37. Qb8+ Rd8 38. Qxb7 Qd6+ 39. Kg1 Qb8 40. Qxb8
Rxb8 41. Rb4 Rc8 42. Rb3 Kf8 43. Kf1 Ke7 44. Ke2 Rc4 45. Kd3 Kd6 46. Ra3 Ra4
{White resigns} 0-1

[Event "Team 45 45 League T49"]
[Site "Internet Chess Club"]
[Date "2011.06.16"]
[Round "6"]
[White "eurander"]
[Black "alexping"]
[Result "1-0"]
[WhiteElo "2132"]
[BlackElo "1886"]
[Opening "French: Tarrasch, closed variation, main line"]
[ECO "C06"]
[Time "12:08:11"]
[TimeControl "2700+45"]

1. e4 e6 2. d4 d5 3. Nd2 Nf6 4. e5 Nfd7 5. Bd3 c5 6. c3 Nc6 7. Ne2 cxd4 8. cxd4
Qb6 9. Nf3 Bb4+ 10. Bd2 f6 11. exf6 Nxf6 12. O-O O-O 13. Qb3 Bxd2 14. Qxb6 axb6
15. Nxd2 e5 16. dxe5 Nxe5 17. Bc2 Nc6 18. Nf3 Nb4 19. Bb3 Nd3 20. Nc3 Nc5 21.
Bxd5+ Nxd5 22. Nxd5 Be6 23. Nc7 Rxa2 24. Nxe6 Rxa1 25. Rxa1 Nxe6 26. Rd1 Rc8 27.
g3 Kf8 28. Rd7 Rc7 29. Ne5 Rc5 30. Nd3 Rc7 31. Rd6 Rc6 32. Rxc6 bxc6 33. Ne5 Nd4
34. Nd7+ Ke7 35. Nxb6 Kd6 36. f4 Kc5 37. Nd7+ Kb4 38. Kf2 Kb3 39. Ke3 Ne6 40. f5
Nd8 41. Nc5+ Kxb2 42. Ne6 Nf7 43. Nxg7 c5 44. Ne6 c4 45. Nd4 c3 46. Kf4 c2 47.
Nxc2 Kxc2 48. g4 h6 49. h4 Kd3 50. g5 hxg5+ 51. hxg5 Kd4 52. g6 Nh6 53. f6
{Black resigns} 1-0

[Event "Team 45 45 League T49"]
[Site "Internet Chess Club"]
[Date "2011.06.21"]
[Round "6"]
[White "KingDestroyer"]
[Black "chiiwen"]
[Result "0-1"]
[WhiteElo "2270"]
[BlackElo "2210"]
[Opening "English: symmetrical, hedgehog system"]
[ECO "A30"]
[Time "18:03:33"]
[TimeControl "2700+45"]

1. Nf3 c5 2. c4 b6 3. g3 Bb7 4. Bg2 Nf6 5. Nc3 e6 6. O-O Be7 7. Re1 d5 8. cxd5
Nxd5 9. d4 O-O 10. e4 cxd4 11. Nxd5 exd5 12. e5 Nc6 13. Nxd4 Nxd4 14. Qxd4 Bc5
15. Qd3 Qe7 16. Be3 Rfe8 17. Rad1 Qxe5 18. b4 Bxb4 19. Bd2 Qd6 20. Rxe8+ Rxe8
21. Bxb4 Qxb4 22. Bxd5 Bxd5 23. Qxd5 g6 24. Qb7 Qa4 25. Qd5 Qe4 26. Qd7 Re7 27.
Qd8+ Kg7 28. h4 h5 29. Rc1 Re8 30. Qc7 Qe7 31. Qc3+ Qf6 32. Qd2 a5 33. Qd3 Rd8
34. Qe2 Qd4 35. Rb1 Rd6 36. Kg2 Re6 37. Qc2 Qd5+ 38. Kg1 Qf3 39. Qd2 Qe4 40. Rc1
a4 41. Qd8 Rc6 42. Rf1 b5 43. Qb8 b4 44. Qb5 a3 45. Qa4 Rc2 46. Qb3 Qc4 47. Qxc4
Rxc4 48. Rb1 Kf6 49. Kg2 Ke5 50. Kf3 Kd5 51. Ke3 Kc5 52. Kd2 f5 53. Re1 Rd4+ 54.
Kc2 Re4 55. Rd1 {White resigns} 0-1

[Event "Team 45 45 League T49"]
[Site "Internet Chess Club"]
[Date "2011.06.16"]
[Round "6"]
[White "DreamCatcher13"]
[Black "NFork"]
[Result "0-1"]
[WhiteElo "1826"]
[BlackElo "2322"]
[Opening "Caro-Kann: classical, Spassky variation"]
[ECO "B19"]
[Time "11:14:04"]
[TimeControl "2700+45"]

1. e4 c6 2. d4 d5 3. Nc3 dxe4 4. Nxe4 Bf5 5. Ng3 Bg6 6. h4 h6 7. Nf3 Nd7 8. h5
Bh7 9. Bd3 Bxd3 10. Qxd3 e6 11. Bf4 Qa5+ 12. Bd2 Bb4 13. c3 Be7 14. a4 Ngf6 15.
b4 Qc7 16. c4 O-O 17. a5 Bd6 18. Ne4 Nxe4 19. Qxe4 Nf6 20. Qh4 Qe7 21. c5 Bc7
22. Ne5 Nd5 23. Qg4 Bxe5 24. dxe5 f5 25. Qg6 Qf7 26. Qxf7+ Rxf7 27. f4 Rd7 28.
O-O-O Rad8 29. g3 Kf7 30. Kc2 a6 31. Rhe1 g6 32. hxg6+ Kxg6 33. Rh1 Nc7 34. Be3
Rxd1 35. Rxd1 Rxd1 36. Kxd1 Kh5 37. Ke2 Kg4 38. Kf2 Nd5 39. Bd2 h5 40. Be1 h4
41. gxh4 Nxf4 42. Bc3 Nh5 43. Bd2 Nf4 44. Ke3 Ng2+ 45. Kd4 Nxh4 46. Kc4 Nf3 47.
Bc3 Kg3 48. b5 cxb5+ 49. Kb4 Kf4 50. c6 bxc6 51. Kc5 Nxe5 52. Kb6 Nc4+ 53. Kxa6
Ke4 54. Kb7 Nxa5+ 55. Bxa5 f4 56. Kxc6 f3 57. Be1 b4 {White resigns} 0-1

[Event "Team 45 45 League T49"]
[Site "Internet Chess Club"]
[Date "2011.06.19"]
[Round "6"]
[White "TheChessKid"]
[Black "Atlantis"]
[Result "1/2-1/2"]
[WhiteElo "2177"]
[BlackElo "1768"]
[Opening "Sicilian defense"]
[ECO "B40"]
[Time "12:05:49"]
[TimeControl "2700+45"]

1. e4 c5 2. Nf3 e6 3. c3 d5 4. exd5 Qxd5 5. d4 Nf6 6. Be2 Be7 7. O-O O-O 8. Be3
cxd4 9. cxd4 Nc6 10. Nc3 Qd8 11. Rc1 Bd7 12. Ne5 {Game drawn by mutual
agreement} 1/2-1/2

[Event "Team 45 45 League T49"]
[Site "Internet Chess Club"]
[Date "2011.06.17"]
[Round "6"]
[White "Packerfan"]
[Black "LazyPeon"]
[Result "0-1"]
[WhiteElo "1761"]
[BlackElo "1755"]
[Opening "Evans gambit: Cordel variation"]
[ECO "C51"]
[Time "15:32:39"]
[TimeControl "2700+45"]

1. e4 e5 2. Nf3 Nc6 3. Bc4 Bc5 4. b4 Bxb4 5. c3 Be7 6. d4 Na5 7. Bd3 exd4 8. Qa4
Nc6 9. cxd4 Nf6 10. a3 O-O 11. d5 Nb8 12. O-O d6 13. Qc2 Nbd7 14. Bb2 Nc5 15.
Nc3 Nxd3 16. Qxd3 Nd7 17. Rac1 Ne5 18. Nxe5 dxe5 19. Nb5 c6 20. Bxe5 cxb5 21. d6
Bf6 22. Bxf6 gxf6 23. Rfd1 Bd7 24. Rc7 Bc6 25. f4 Rc8 26. Rxc8 Qxc8 27. d7 Qd8
28. Qd4 h6 29. e5 fxe5 30. fxe5 Qg5 31. g3 Rd8 32. Qxa7 Qxe5 33. Qb6 Rxd7 34.
Rxd7 Bxd7 35. Qxh6 Qe1+ 36. Kg2 Bc6+ 37. Kh3 Qf1+ 38. Kh4 Qc4+ 39. g4 Qc5 40.
Qf6 Qf8 41. Qg5+ Qg7 42. Qd8+ Kh7 43. g5 Qg6 44. h3 Qe4+ 45. Kg3 Qf3+ 46. Kh4
Qf4+ {White resigns} 0-1

[Event "Team 45 45 League T49"]
[Site "Internet Chess Club"]
[Date "2011.06.16"]
[Round "6"]
[White "ticopatzer"]
[Black "otherook"]
[Result "0-1"]
[WhiteElo "1665"]
[BlackElo "1783"]
[Opening "Scandinavian (center counter) defense"]
[ECO "B01"]
[Time "19:03:44"]
[TimeControl "2700+45"]

1. e4 d5 2. exd5 Qxd5 3. Nc3 Qa5 4. d4 c6 5. Nf3 Nf6 6. Bc4 Bf5 7. O-O e6 8. Bd2
Qc7 9. Re1 Be7 10. Nh4 Bg4 11. f3 Bh5 12. g4 Bg6 13. g5 Nd5 14. Ne4 Nd7 15. c3
O-O-O 16. a4 Bd6 17. Nxd6+ Qxd6 18. Qc1 Bh5 19. a5 h6 20. g6 fxg6 21. Qc2 Rhf8
22. Nxg6 Rxf3 23. Ne5 Rf5 24. Nxd7 Kxd7 25. Qb3 Kc7 26. Rf1 Rdf8 27. Rxf5 Rxf5
28. Rf1 Qf8 29. a6 b5 30. Rxf5 Qxf5 31. Bxd5 exd5 32. Qb4 Qg4+ 33. Kh1 Qd1+ 34.
Kg2 Qxd2+ 35. Kg1 Qe3+ 36. Kf1 Bf3 37. Qf8 Qe2+ 38. Kg1 Qg2# {White checkmated}
0-1

[Event "Team 45 45 League T49"]
[Site "Internet Chess Club"]
[Date "2011.06.20"]
[Round "6"]
[White "Rapidcitychess"]
[Black "seattleblues"]
[Result "1-0"]
[WhiteElo "1564"]
[BlackElo "1419"]
[Opening "French: MacCutcheon, Tartakower variation"]
[ECO "C12"]
[Time "21:01:19"]
[TimeControl "2700+45"]

1. e4 e6 2. d4 d5 3. Nc3 Nf6 4. Bg5 Bb4 5. e5 h6 6. Bd2 Nfd7 7. Qg4 Rg8 8. Bxh6
Kf8 9. Bg5 f6 10. Bh4 Nb6 11. Qf3 N8d7 12. O-O-O c5 13. exf6 Nxf6 14. dxc5 Bxc5
15. Ne4 Be7 16. Nxf6 Bxf6 17. Bd3 a5 18. g4 Ke7 19. g5 Be5 20. g6+ Bf6 21. Bxf6+
gxf6 22. h4 Qf8 23. h5 Qh6+ 24. Qe3 Qxe3+ 25. fxe3 e5 26. h6 Bg4 27. h7 Rg7 28.
h8=Q Rxh8 29. Rxh8 Bxd1 30. Rh7 Kf8 31. Rh8+ Rg8 32. Rxg8+ Kxg8 33. Kxd1 e4 34.
Bb5 Kg7 35. Nh3 Kxg6 36. Nf4+ Kf5 37. c3 Ke5 38. a4 Nc8 39. Kc2 Nd6 40. Kd2 Nf7
41. Bd7 Nd6 42. b3 Nf5 43. Bxf5 Kxf5 44. Nxd5 Ke5 45. Nf4 Kd6 46. b4 b6 47. bxa5
bxa5 48. Nh5 f5 49. Ng7 Kc5 50. Nxf5 Kc4 51. Nd6+ Kb3 52. Nxe4 Kxa4 53. Kc2 Ka3
54. c4 Ka2 55. c5 a4 56. c6 a3 57. c7 Ka1 58. c8=Q a2 59. Qc3# {Black
checkmated} 1-0

[Event "Team 45 45 League T49"]
[Site "Internet Chess Club"]
[Date "2011.06.19"]
[Round "6"]
[White "rayngrant"]
[Black "Portola"]
[Result "0-1"]
[WhiteElo "1576"]
[BlackElo "1794"]
[Opening "French: Rubinstein variation"]
[ECO "C10"]
[Time "07:28:50"]
[TimeControl "2700+45"]

1. e4 e6 2. d4 d5 3. Nc3 dxe4 4. Nxe4 Be7 5. Nf3 Nf6 6. Bd3 Nbd7 7. O-O O-O 8.
c3 b6 9. Qc2 Bb7 10. Re1 c5 11. b3 Qc7 12. c4 cxd4 13. Nxd4 Bc5 14. Nf3 Be7 15.
Rb1 Rad8 16. Bb2 Nxe4 17. Bxe4 Bxe4 18. Qxe4 Nf6 19. Qe2 Rd7 20. Rbd1 Rfd8 21.
Rxd7 Qxd7 22. Ne5 Qd2 23. Kf1 Qxe2+ 24. Kxe2 Bc5 25. f3 a5 26. Rd1 Rxd1 27. Kxd1
h6 28. Ke2 Kf8 29. Kd3 Ke8 30. h3 g6 31. Nxg6 Nh5 32. Ne5 Nf4+ 33. Ke4 Nxg2 34.
Ng4 f5+ 35. Ke5 fxg4 36. fxg4 Kf7 37. Bd4 Bxd4+ 38. Kxd4 Nf4 39. h4 Ne2+ 40. Ke5
Nc1 41. Kd6 Nxa2 42. Kc6 Nc1 43. Kxb6 Nxb3 44. Kb5 e5 45. Ka4 Nd4 46. Kxa5 e4
47. Kb4 e3 48. Kc3 e2 49. Kd2 Ke6 50. c5 Kd5 51. c6 Kxc6 52. g5 hxg5 53. hxg5
Kd7 {White resigns} 0-1

[Event "Team 45 45 League T49"]
[Site "Internet Chess Club"]
[Date "2011.06.20"]
[Round "6"]
[White "rubo"]
[Black "Constrictor"]
[Result "1/2-1/2"]
[WhiteElo "1704"]
[BlackElo "1619"]
[Opening "Bird: From gambit, Lasker variation"]
[ECO "A02"]
[Time "17:00:17"]
[TimeControl "2700+45"]

1. f4 e5 2. fxe5 d6 3. exd6 Bxd6 4. Nf3 g5 5. d4 g4 6. Ng5 f5 7. e4 h6 8. e5
Bxe5 9. dxe5 Qxd1+ 10. Kxd1 hxg5 11. Bxg5 Be6 12. Nc3 c6 13. Bd3 Nd7 14. Bf4
O-O-O 15. Ke2 Ne7 16. Bg5 Rde8 17. Kf2 Nxe5 18. Rae1 Nxd3+ 19. cxd3 Nd5 20. Nxd5
Bxd5 21. Rxe8+ Rxe8 22. b3 Kd7 {Game drawn by mutual agreement} 1/2-1/2

[Event "Team 45 45 League T49"]
[Site "Internet Chess Club"]
[Date "2011.06.18"]
[Round "6"]
[White "Egmont"]
[Black "g8wrb"]
[Result "1-0"]
[WhiteElo "1638"]
[BlackElo "1355"]
[Opening "Queen's pawn"]
[ECO "A40"]
[Time "11:19:27"]
[TimeControl "2700+45"]

1. d4 e6 2. Bf4 Nf6 3. e3 Bd6 4. Bg5 Nc6 5. Nd2 h6 6. Bh4 g5 7. Bg3 Bxg3 8. hxg3
b6 9. Nh3 Nd5 10. c3 Bb7 11. Qh5 Qf6 12. Nxg5 hxg5 13. Qxh8+ Qxh8 14. Rxh8+ Ke7
15. Rxa8 Bxa8 16. e4 Nf6 17. Bd3 e5 18. d5 Nd8 19. Ke2 c6 20. c4 cxd5 21. cxd5
Kd6 22. Rh1 Nxd5 23. exd5 Bxd5 24. Ne4+ {Black resigns} 1-0

[Event "Team 45 45 League T49"]
[Site "Internet Chess Club"]
[Date "2011.06.19"]
[Round "6"]
[White "AtomicDog"]
[Black "FractalDante"]
[Result "1-0"]
[WhiteElo "1469"]
[BlackElo "1505"]
[Opening "Sicilian: Pelikan (Lasker/Sveshnikov) variation"]
[ECO "B33"]
[Time "11:01:36"]
[TimeControl "2700+45"]

1. e4 c5 2. Nf3 Nc6 3. d4 cxd4 4. Nxd4 Nf6 5. Nc3 e5 6. Ndb5 d6 7. f3 a6 8. Na3
b5 9. Nd5 Be7 10. Be3 Rb8 11. Bd3 Nxd5 12. exd5 Nb4 13. Be2 Bb7 14. c4 bxc4 15.
Bxc4 O-O 16. Nc2 Nxc2+ 17. Qxc2 Rc8 18. Qd3 a5 19. O-O f5 20. Bb5 f4 21. Bf2 Bh4
22. Bc6 Bxf2+ 23. Rxf2 Bxc6 24. dxc6 Rxc6 25. Qd5+ Rf7 {Black resigns} 1-0

[Event "Team 45 45 League T49"]
[Site "Internet Chess Club"]
[Date "2011.06.18"]
[Round "6"]
[White "juniorVishy"]
[Black "Nobak"]
[Result "1-0"]
[WhiteElo "1657"]
[BlackElo "1448"]
[Opening "King's Indian: Averbakh system"]
[ECO "E73"]
[Time "10:07:06"]
[TimeControl "2700+45"]

1. d4 Nf6 2. c4 g6 3. Nc3 Bg7 4. e4 d6 5. Be2 O-O 6. Bg5 Nbd7 7. Nf3 h6 8. Bh4
Kh7 9. O-O Qe8 10. Qc2 e5 11. d5 a5 12. Nd2 Nc5 13. a3 a4 14. b4 axb3 15. Nxb3
Ncd7 16. Nb5 Qd8 17. Rfc1 c6 18. Nxd6 c5 19. Nb5 b6 20. a4 Ba6 21. Nc3 Bb7 22.
Ra2 Qe8 23. Nb5 Ba6 24. Nc7 Qc8 25. Nxa8 Qxa8 26. Nd2 Ne8 27. Rca1 f5 28. Bd3 g5
29. exf5 gxh4 30. f6+ Kh8 31. fxg7+ Kxg7 32. Qd1 Nef6 33. Ne4 Rg8 34. Nxf6 Nxf6
35. Qe2 Kf7 36. Qxe5 Re8 37. Qf4 Rg8 38. Bf5 Qe8 39. Be6+ Ke7 40. Bxg8 Qxg8 41.
Re1+ Kf7 42. Rae2 h3 43. Re7+ Kg6 44. Qg3+ Kf5 45. R1e5# {Black checkmated} 1-0

[Event "Team 45 45 League T49"]
[Site "Internet Chess Club"]
[Date "2011.06.21"]
[Round "6"]
[White "IanT"]
[Black "zigzag2002"]
[Result "0-1"]
[WhiteElo "1280"]
[BlackElo "1694"]
[Opening "Sicilian: Alapin's variation (2.c3)"]
[ECO "B22"]
[Time "20:14:38"]
[TimeControl "2700+45"]

1. e4 c5 2. c3 d5 3. exd5 Qxd5 4. d4 Nc6 5. Nf3 cxd4 6. cxd4 e5 7. Nc3 Bb4 8.
Bd2 Bxc3 9. Bxc3 e4 10. Ne5 Nxe5 11. dxe5 Ne7 12. Qxd5 Nxd5 13. Bd4 O-O 14. Bc4
Be6 15. Rd1 Rfd8 16. Bc5 b6 17. Bd6 Nf4 18. Bxe6 fxe6 19. O-O Rac8 20. Rd2 Nd5
21. Re1 Ne7 22. Rxe4 Rc1+ {White resigns} 0-1

[Event "Team 45 45 League T49"]
[Site "Internet Chess Club"]
[Date "2011.06.20"]
[Round "6"]
[White "cys456"]
[Black "dabodhi"]
[Result "1-0"]
[WhiteElo "1532"]
[BlackElo "1207"]
[Opening "Sicilian: Hungarian variation"]
[ECO "B27"]
[Time "18:59:47"]
[TimeControl "2700+45"]

1. e4 c5 2. Nf3 g6 3. Bc4 d6 4. Nc3 Nc6 5. O-O Bg4 6. h3 Be6 7. Bxe6 fxe6 8. d4
cxd4 9. Nxd4 Bg7 10. Nxe6 Qd7 11. Nxg7+ Kf7 12. Nh5 gxh5 13. Qxh5+ Kg7 14. f4
Nf6 15. Qg5+ Kf7 16. f5 Rhg8 17. Qh4 Nd4 18. Nd5 Ne2+ 19. Kh2 Nxc1 20. Nxf6 exf6
21. Qxh7+ Rg7 22. Qh5+ Ke7 23. Raxc1 Rag8 24. Rf2 Qb5 25. c4 Qe5+ 26. Kh1 b6 27.
Rd1 Qc5 28. Rfd2 Rg5 29. Qf3 Rg3 30. Qf4 Qe5 31. Qxe5+ fxe5 32. Rxd6 Rxg2 33.
Rd7+ Kf6 34. R1d6+ Kg5 35. Kxg2 Kf4+ 36. Kf2 Rg3 37. f6 Rf3+ 38. Kg2 Rg3+ 39.
Kh2 Kf3 40. Rd3+ {Black resigns} 1-0

[Event "Team 45 45 League T49"]
[Site "Internet Chess Club"]
[Date "2011.06.18"]
[Round "6"]
[White "kidviper"]
[Black "zepled37"]
[Result "1/2-1/2"]
[WhiteElo "1944"]
[BlackElo "1670"]
[Opening "QGD: Tarrasch defense"]
[ECO "D32"]
[Time "09:11:27"]
[TimeControl "2700+45"]

1. d4 d5 2. c4 e6 3. Nc3 c5 4. Nf3 Nc6 5. e3 Nf6 6. cxd5 exd5 7. Bb5 Bg4 8.
Bxc6+ bxc6 9. Qa4 Qc7 10. Ne5 Bd7 11. O-O Bd6 12. f4 cxd4 13. Nxd7 Qxd7 14. exd4
O-O 15. f5 h6 16. Bf4 Rfe8 17. Bxd6 Qxd6 18. a3 c5 19. h3 cxd4 20. Qxd4 Qb6 21.
Qxb6 axb6 22. Rad1 Re5 23. Rd4 Rd8 24. Rf3 Kf8 25. Kf2 Ne4+ 26. Nxe4 Rxe4 27.
Rfd3 Re5 28. g4 Ke7 29. a4 Kf6 {Game drawn by mutual agreement} 1/2-1/2

[Event "Team 45 45 League T49"]
[Site "Internet Chess Club"]
[Date "2011.06.18"]
[Round "6"]
[White "bmw2002"]
[Black "Achelous"]
[Result "0-1"]
[WhiteElo "1576"]
[BlackElo "1689"]
[Opening "English: Jaenisch gambit"]
[ECO "A10"]
[Time "21:04:52"]
[TimeControl "2700+45"]

1. c4 b5 2. c5 b4 3. Nf3 g6 4. g3 Bb7 5. Bg2 e5 6. O-O e4 7. Ne5 Bxc5 8. d4 Bb6
9. Be3 d5 10. Qb3 Qe7 11. f4 h5 12. f5 Nc6 13. Nxc6 Bxc6 14. Nd2 O-O-O 15. Rac1
Bb7 16. Bh3 Kb8 17. f6 Nxf6 18. Bg5 Bxd4+ 19. Kh1 Qd6 20. Qc2 Rdf8 21. Nb3 Be5
22. Nc5 Ng4 23. Qa4 Bc6 24. Qxb4+ Kc8 25. Qa5 f6 26. Bd2 e3 27. Bb4 d4+ 28. Kg1
Qd5 29. Rf3 f5 30. Qxa7 Bd6 31. Na6 Ne5 32. Rc5 Nxf3+ 33. Kf1 Nd2+ 34. Kg1 Qh1#
{White checkmated} 0-1

[Event "Team 45 45 League T49"]
[Site "Internet Chess Club"]
[Date "2011.06.19"]
[Round "6"]
[White "BaumDeezy"]
[Black "BrerRabbit"]
[Result "1/2-1/2"]
[WhiteElo "1551"]
[BlackElo "1509"]
[Opening "English opening"]
[ECO "A15"]
[Time "19:02:54"]
[TimeControl "2700+45"]

1. c4 Nf6 2. Nf3 g6 3. b4 Bg7 4. Bb2 O-O 5. g3 d6 6. Bg2 e5 7. O-O Re8 8. d3
Nbd7 9. Nbd2 a5 10. b5 Nc5 11. Ng5 h6 12. Nge4 Nfxe4 13. Nxe4 Nxe4 14. Bxe4 Rb8
15. Bg2 Bd7 16. Bc3 {Game drawn by mutual agreement} 1/2-1/2

[Event "Team 45 45 League T49"]
[Site "Internet Chess Club"]
[Date "2011.06.22"]
[Round "6"]
[White "AlPearson"]
[Black "dpmdpm"]
[Result "1-0"]
[WhiteElo "1403"]
[BlackElo "1501"]
[Opening "English: symmetrical variation"]
[ECO "A30"]
[Time "15:14:21"]
[TimeControl "2700+45"]

1. c4 c5 2. Nf3 g6 3. d4 cxd4 4. Nxd4 Nf6 5. Nc3 Nc6 6. g3 Bg7 7. Bg2 O-O 8. O-O
a6 9. Bg5 Qb6 10. Nxc6 dxc6 11. Qc1 Be6 12. b3 Rfd8 13. Bh6 Rd7 14. Bxg7 Kxg7
15. Na4 Qa5 16. Qc3 Qxc3 17. Nxc3 Rad8 18. Rfd1 Rxd1+ 19. Rxd1 Rxd1+ 20. Nxd1
Ne8 21. f4 Kf6 22. e4 Bc8 23. e5+ Kg7 24. h4 f6 25. exf6+ exf6 26. Kf2 Kf7 27.
Ke3 c5 28. Nc3 Nc7 29. Na4 Bd7 30. Nxc5 Bc6 31. Bxc6 bxc6 32. Ke4 Ke7 33. Na4
Kd6 34. b4 f5+ 35. Kd3 Ne6 36. Nc3 Kc7 37. a4 c5 38. b5 axb5 39. axb5 Nd8 40.
Nd5+ Kd6 41. Nf6 h5 42. Ne8+ Ke7 43. Nc7 Nb7 44. Kc3 Kd7 45. Nd5 Kd6 46. Kb2 Na5
47. Ne3 Nb7 48. Kb3 Na5+ 49. Ka4 Nb7 50. Nd5 Kd7 51. Nf6+ Ke6 52. Nh7 Kf7 53. b6
Ke7 54. Kb5 Kd6 55. Ka6 Kc6 56. Nf8 Nd6 57. Nxg6 {Black resigns} 1-0

[Event "Team 45 45 League T49"]
[Site "Internet Chess Club"]
[Date "2011.06.21"]
[Round "6"]
[White "Justi"]
[Black "spacecadet"]
[Result "1-0"]
[WhiteElo "2146"]
[BlackElo "2041"]
[Opening "KP: Nimzovich defense"]
[ECO "A40"]
[Time "15:57:35"]
[TimeControl "2700+45"]

1. d4 Nc6 2. e4 e5 3. d5 Nce7 4. h4 Nf6 5. Bd3 d6 6. c4 c6 7. Nc3 g6 8. f3 Bg7
9. Be3 O-O 10. Qd2 Nd7 11. g4 cxd5 12. cxd5 f5 13. gxf5 gxf5 14. Nh3 fxe4 15.
fxe4 Ng6 16. O-O-O Nf6 17. Rdg1 Nh5 18. Be2 Bxh3 19. Bxh5 Qxh4 20. Bxg6 hxg6 21.
Rxg6 Kh7 22. Rgg1 Rf3 23. Qg2 {Black resigns} 1-0

[Event "Team 45 45 League T49"]
[Site "Internet Chess Club"]
[Date "2011.06.17"]
[Round "6"]
[White "Cryptochess"]
[Black "cesaralexander"]
[Result "1-0"]
[WhiteElo "2061"]
[BlackElo "1870"]
[Opening "French: King's Indian attack"]
[ECO "C00"]
[Time "21:54:16"]
[TimeControl "2700+45"]

1. e4 e6 2. d3 d5 3. Nd2 Nf6 4. g3 Nc6 5. Bg2 Bc5 6. Ngf3 dxe4 7. dxe4 e5 8. O-O
O-O 9. c3 Be6 10. Qe2 Qe7 11. Nc4 Bxc4 12. Qxc4 a5 13. Bg5 Bb6 14. Nh4 g6 15.
Rad1 Rfd8 16. Kh1 Rxd1 17. Rxd1 Kg7 18. Qe2 Rd8 19. Rf1 Qd6 20. f4 Qd3 21. Bxf6+
Kxf6 22. fxe5+ Kg7 23. Qg4 Nxe5 24. Nf5+ Kf8 25. Qf4 gxf5 26. Qxe5 fxe4 27. Qh8+
Ke7 28. Qf6+ Kd7 29. Bh3+ {Black resigns} 1-0

[Event "Team 45 45 League T49"]
[Site "Internet Chess Club"]
[Date "2011.06.17"]
[Round "6"]
[White "azbycx"]
[Black "DARKwizard1"]
[Result "0-1"]
[WhiteElo "1795"]
[BlackElo "1952"]
[Opening "Queen's Pawn"]
[ECO "A41"]
[Time "21:32:50"]
[TimeControl "2700+45"]

1. d4 d6 2. Nf3 Nd7 3. g3 g6 4. Bg2 Bg7 5. O-O Rb8 6. c4 Ngf6 7. Nc3 O-O 8. e4
e5 9. d5 Nc5 10. Qc2 a5 11. a3 h6 12. b4 Ncd7 13. h3 c5 14. dxc6 bxc6 15. Qa4
axb4 16. axb4 Qc7 17. Be3 Nb6 18. Qb3 Be6 19. Nd2 Rfd8 20. Na4 Nc8 21. Rfc1 Qb7
22. Rab1 Qe7 23. Qc2 d5 24. cxd5 cxd5 25. exd5 Nxd5 26. Bxd5 Rxd5 27. Bc5 Qd7
28. Nc4 Bf5 29. Qb3 Rd3 30. Qa2 Bxh3 31. Nab6 Nxb6 32. Nxb6 Qc6 33. f4 Rxg3+
{White resigns} 0-1

[Event "Team 45 45 League T49"]
[Site "Internet Chess Club"]
[Date "2011.06.21"]
[Round "6"]
[White "gerailen0075"]
[Black "az2112"]
[Result "0-1"]
[WhiteElo "1882"]
[BlackElo "1726"]
[Opening "Scotch gambit: Dubois-Réti defense"]
[ECO "C55"]
[Time "11:00:44"]
[TimeControl "2700+45"]

1. e4 e5 2. Nf3 Nc6 3. Bc4 Nf6 4. d4 exd4 5. e5 d5 6. Bb5 Ne4 7. Nxd4 Bd7 8.
Bxc6 bxc6 9. O-O c5 10. Ne2 Bc6 11. f3 Ng5 12. f4 Ne4 13. Nd2 Nxd2 14. Qxd2 g6
15. f5 gxf5 16. e6 fxe6 17. Nf4 Qd6 18. Nxe6 Kd7 19. Nxf8+ Raxf8 20. Qa5 f4 21.
b4 Qf6 22. Rb1 Qd4+ 23. Kh1 f3 24. gxf3 Rxf3 25. Rxf3 Qd1+ 26. Kg2 Qe2+ 27. Rf2
d4+ {White resigns} 0-1

[Event "Team 45 45 League T49"]
[Site "Internet Chess Club"]
[Date "2011.06.17"]
[Round "6"]
[White "Geeloo"]
[Black "JustinSane"]
[Result "1/2-1/2"]
[WhiteElo "2060"]
[BlackElo "2241"]
[Opening "French: Winawer (Nimzovich) variation"]
[ECO "C15"]
[Time "17:07:10"]
[TimeControl "2700+45"]

1. e4 e6 2. d4 d5 3. Nc3 Bb4 4. exd5 exd5 5. Bd3 Nc6 6. Ne2 Nge7 7. O-O Bf5 8.
Bf4 Bxc3 9. bxc3 Qd7 10. c4 O-O 11. c5 Bxd3 12. Qxd3 Nf5 13. c3 Rfe8 14. Ng3
Nxg3 15. Bxg3 b6 16. Rfe1 Na5 17. f3 Nc4 18. Rxe8+ Rxe8 19. Re1 Rxe1+ 20. Bxe1
Qe6 21. Bd2 Kf8 22. cxb6 cxb6 23. Kf2 Qg6 24. Qxg6 hxg6 25. Bc1 Ke7 26. Ke2 Kd7
27. Kd3 Kc6 28. Kc2 Kb5 29. Kb3 a5 30. Bf4 Kc6 31. Kc2 Kd7 32. Bc1 Ke6 33. Kd3
Kf5 34. g4+ Ke6 35. h3 Kf6 36. h4 Ke6 37. Kc2 f5 38. g5 Nd6 39. Bf4 Kd7 40. Kb3
Nc4 41. Kc2 Kc6 42. Bc1 b5 43. Kb3 Nd6 44. Bf4 Nc4 45. Bc1 a4+ 46. Kc2 Kd6 {Game
drawn by mutual agreement} 1/2-1/2

[Event "Team 45 45 League T49"]
[Site "Internet Chess Club"]
[Date "2011.06.19"]
[Round "6"]
[White "fileman"]
[Black "spunni"]
[Result "0-1"]
[WhiteElo "1862"]
[BlackElo "1892"]
[Opening "Richter-Veresov attack"]
[ECO "D01"]
[Time "14:22:39"]
[TimeControl "2700+45"]

1. d4 d5 2. Nc3 Nf6 3. Bg5 Nbd7 4. Qd3 h6 5. Bh4 e6 6. e4 dxe4 7. Nxe4 Be7 8.
Nxf6+ Bxf6 9. Bxf6 Qxf6 10. Nf3 c5 11. O-O-O cxd4 12. Nxd4 O-O 13. Nb5 Qxf2 14.
Nc7 Qf4+ {White resigns} 0-1